 Dungeon Crawl Stone Soup version 0.22-a0-458-gb446440 (webtiles) character file.

22 gmonis the Stinger (level 2, 0/15 HPs)
             Began as a Gargoyle Venom Mage on June 8, 2018.
             Slain by Jessica
             ... wielding a +0 dagger
              (2 damage)
             ... on level 2 of the Dungeon.
             The game lasted 00:07:56 (1354 turns).

gmonis the Stinger (Gargoyle Venom Mage)            Turns: 1354, Time: 00:07:57

Health: 0/15       AC:  4    Str: 11    XL:     2   Next: 91%
Magic:  2/5        EV: 12    Int: 15    God:
Gold:   68         SH:  0    Dex: 10    Spells: 4/5 levels left

rFire    . . .     SeeInvis .   b - +0 hand axe
rCold    . . .     Gourm    .   (no shield)
rNeg     + . .     Faith    .   a - +0 robe
rPois    ∞         Spirit   .   (no helmet)
rElec    +         Reflect  .   (no cloak)
rCorr    .         Harm     .   (no gloves)
MR       .....                  (no boots)
Stlth    ++........             (no amulet)
HPRegen  0.05/turn              (no ring)
MPRegen  0.09/turn              (no ring)

@: no status effects
A: negative energy resistance 1, electricity resistance, unbreathing,
petrification resistance, rot immunity, AC +2
a: no special abilities


You were on level 2 of the Dungeon.
You were hungry.

You visited 1 branch of the dungeon, and saw 3 of its levels.

You collected 68 gold pieces.

Inventory:

Hand Weapons
 b - a +0 hand axe (weapon)
Missiles
 i - 3 stones (quivered)
Armour
 a - a +0 robe (worn)
Scrolls
 e - a scroll of fear {unknown}
 h - a scroll of identify {unknown}
 j - a scroll of fog {unknown}
 k - a scroll of teleportation {unknown}
Potions
 d - a potion of heal wounds {unknown}
 f - a potion of curing {unknown}
 g - a potion of magic {unknown}
Comestibles
 c - 3 rations


   Skills:
 + Level 1.9 Dodging
 - Level 2.1 Stealth
 + Level 2.3 Spellcasting
 + Level 1.7 Conjurations
 + Level 3.2 Poison Magic


You had 4 spell levels left.
You knew the following spells:

 Your Spells              Type           Power        Failure   Level  Hunger
a - Sting                 Conj/Pois      #...         8%          1    #......

Your spell library contained the following spells:

 Spells                   Type           Power        Failure   Level  Hunger
 Mephitic Cloud           Conj/Pois/Air  #.......     32%         3    ###....
 Venom Bolt               Conj/Pois      #.........   91%         5    ######.
 Olgreb's Toxic Radiance  Pois           ##......     50%         4    #####..
 Poisonous Vapours        Pois/Air       #.....       17%         2    ###....


Dungeon Overview and Level Annotations

Branches:
Dungeon (3/15)

Altars:
Vehumet

Annotations:
D:2 Jessica


Innate Abilities, Weirdness & Mutations

You are resistant to torment.
Your stone body is resilient. (AC +2)
You are immune to poison.
You resist negative energy. (rN+)
You are resistant to electric shocks. (rElec)
You can survive without breathing.
You are immune to petrification.
You are immune to rotting.


Message History

Aiming: Sting (safe; 8% risk of failure)
Press: ? - help, Shift-Dir - straight line, f/p - Jessica
Aim: Jessica, wielding a dagger, wearing a glowing robe and carrying a wand of flame (21) (lightly wounded)
The sting hits Jessica.
Jessica appears unharmed.
Jessica is lightly wounded.
Casting: Sting (safe; 8% risk of failure)
Confirm with . or Enter, or press ? or * to list all spells.
Aiming: Sting (safe; 8% risk of failure)
Press: ? - help, Shift-Dir - straight line, f/p - Jessica
Aim: Jessica, wielding a dagger, wearing a glowing robe and carrying a wand of flame (21) (lightly wounded)
The sting hits Jessica.
Jessica is poisoned.
Jessica is moderately wounded.
Jessica points at you and mumbles some strange words.
Pain shoots through your body!
* * * LOW HITPOINT WARNING * * *
Jessica hits you but does no damage.
There is a stone staircase leading down here.
You can't go up here!
Jessica hits you with a dagger.
You die...

... ....§.#...##.#
..........#..###.# ....#
#......####.#......#
..#.###......####.#.#######
.....##........##.)........
.).......#.# #.##...#######
.#...# ...# #......#
.##.######.###.##@#.#
................@.#.#
.<.....(............#
###.......)..########
############


You could see Jessica.

Vanquished Creatures
  A worm (D:2)
  A giant cockroach (D:2)
  2 goblins (D:1)
  4 hobgoblins
  2 jackals (D:1)
  5 bats
  A kobold (D:1)
  A rat (D:1)
17 creatures vanquished.

Notes
Turn   | Place    | Note
-------+----------+-------------------------------------------
     0 | D:1      | gmonis the Gargoyle Venom Mage began the quest for the Orb.
     0 | D:1      | Reached XP level 1. HP: 10/10 MP: 3/3
   476 | D:1      | Reached XP level 2. HP: 15/15 MP: 0/5
   896 | D:2      | Found a radiant altar of Vehumet.
  1056 | D:2      | Noticed Jessica
  1354 | D:2      | Slain by Jessica

Vault maps used:
D:1:      nicolae_arrival_memento_mori
D:2:      fiery_altar_vehumet, kennysheep_generic_room_13, uniq_jessica
D:3:      cheibrodos_old_hovel, marbit_many_paths, overflow_temple_1_default,
          uniq_natasha

Action                   || total
-------------------------++-------
Melee: Hand axe          ||    15
 Cast: Sting             ||    40
  Eat: Chunk             ||     1
Armor: Robe              ||    20
Dodge: Dodged            ||    29

Table legend:
 A = Spawn XP
 B = Non-spawn XP
 C = Spawn XP percentage of total XP
 D = Spawn monster count
 E = Non-spawn monster count
 F = Spawn count percentage of total count
 G = Total turns spent on level
                    A         B        C        D         E        F      G
               +---------+---------+-------+---------+---------+-------+---------
         Total |       0 |      32 |   0.0 |       0 |      17 |   0.0 |  1354
               +---------+---------+-------+---------+---------+-------+---------
           D:1 |       0 |      19 |   0.0 |       0 |      12 |   0.0 |  1153
           D:2 |       0 |      13 |   0.0 |       0 |       5 |   0.0 |   199
               +---------+---------+-------+---------+---------+-------+---------
